 Dungeon Crawl Stone Soup version 0.32-a0-13-gbaedc5810e (webtiles) character file.

Game seed: 12958250902876522587

592 Malachi the Trooper (level 7, 0/175 HPs)
             Began as an Oni Berserker on Jan 15, 2024.
             Was a Believer of Trog.
             Slain by a cerulean imp
             ... wielding a +1 spear
             ... summoned by Ignak's ghost
              (3 damage)
             ... on level 4 of the Dungeon.
             The game lasted 00:04:39 (4074 turns).

Malachi the Trooper (Oni Berserker)                 Turns: 4074, Time: 00:04:40

Health: 0/175      AC: 23    Str: 24    XL:     7   Next: 39%
Magic:  7/7        EV:  1    Int:  8    God:    Trog [**....]
Gold:   32         SH:  0    Dex:  8    Spells: 6/6 levels left

rFire   . . .        m - +0 morningstar
rCold   + . .        (no shield)
rNeg    . . .        b - melded +0 animal skin
rPois   +            (helmet currently unavailable)
rElec   .            (cloak currently unavailable)
rCorr   .            (gloves unavailable)
SInv    .            (boots unavailable)
Will    ++...        (no amulet) Stlth
                     j - ring of protection from cold
HPRegen 1.49/turn    k - ring of poison resistance
MPRegen 0.10/turn

%: no passive effects
@: berserking, lethally poisoned (0 -> 0), tree-form, strong-willed (expiring),
regenerating (expiring), very quick
A: stationary, stasis, torment immunity, boosted hp, large, unfitting armour,
(horns 1), (tough skin 1), double potion healing, drunken brawling
a: Renounce Religion, Berserk, Trog's Hand


You were on level 4 of the Dungeon.
You worshipped Trog.
Trog was pleased with you.
You were a tree.
You visited 1 branch of the dungeon, and saw 4 of its levels.

You collected 153 gold pieces.
You spent 121 gold pieces at shops.

Inventory:

Hand Weapons
 m - a +0 morningstar (weapon)
Armour
 b - a +0 animal skin (melded)
Jewellery
 j - a ring of protection from cold (left branch)
 k - a ring of poison resistance (right branch)
Wands
 a - a wand of flame (12)
 n - a wand of digging (4)
Scrolls
 f - a scroll of teleportation
 h - a scroll of enchant weapon
 o - a scroll of fear
Potions
 c - 2 potions of might {unknown}
 g - 3 potions of haste {unknown}
 i - 2 potions of invisibility {unknown}


   Skills:
 + Level 7.1 Fighting
 + Level 5.3 Maces & Flails
 + Level 4.8 Dodging


You had 6 spell levels left.
You didn't know any spells.
Your spell library was empty.

Dungeon Overview and Level Annotations

Branches:
Dungeon (4/15)
 Temple: D:4-7

Altars:

Shops:
D:4 !

Annotations:
D:4 Ignak's ghost, amateur GnHW


Innate Abilities, Weirdness & Mutations

You are a tree.
Your roots penetrate the ground, keeping you stationary.
You cannot be teleported.
You are immune to unholy pain and torment.
Your maximum health is greatly increased.
Your equipment is partially melded.
You are too large for most types of armour.
((You have a pair of small horns on your head.))
((You have tough skin. (AC +1)))
You gain doubled healing and magic from potions.
Whenever you drink a healing potion, you attack all around you.


Message History

Ignak's ghost gestures wildly while chanting.
The cerulean imp hits you but does no damage.
You miss Ignak's ghost.
Ignak's ghost is almost destroyed.
You feel very sick.
The ice beast hits you but does no damage.
Ignak's ghost says, "You must not succeed where I failed!"
Ignak's ghost hits you but does no damage.
The cerulean imp hits you but does no damage. x3
A red film seems to cover your vision as you go berserk!
You feel yourself moving faster!
You feel mighty!
You feel the effects of Trog's Hand fading.
You feel very sick.
The ice beast hits you but does no damage.
Ignak's ghost casts a spell at you. The magic dart hits you.
* * * LOW HITPOINT WARNING * * *
The cerulean imp hits you but does no damage. x2
The cerulean imp hits you from afar with a +1 spear.
* * * LOW HITPOINT WARNING * * *
You miss Ignak's ghost.
Ignak's ghost is almost destroyed.
You feel very sick. The ice beast hits you.
* * * LOW HITPOINT WARNING * * *
The ice beast freezes you. You resist.
* * * LOW HITPOINT WARNING * * *
Ignak's ghost hits you but does no damage.
The cerulean imp completely misses you.
The cerulean imp hits you but does no damage. x2
You closely miss Ignak's ghost.
Ignak's ghost is almost destroyed.
You feel sick.
The ice beast hits you but does no damage.
Ignak's ghost gestures at you while chanting.
The magic dart hits you.
* * * LOW HITPOINT WARNING * * *
The cerulean imp hits you but does no damage. x2
The cerulean imp hits you from afar with a +1 spear.
You die...

#......##..###..#..#..## ##..
###.#..##..# ##<#......###..#
##....##..# #.........##..#
#.....##..####..........)..#
#...#......##.###.#..##.....
#...............#..#######..
##................#####.[...
##..........Y.....###.....#'
##...#..###'♣†###..........#.
#....#..#..☼.W.!#....#.....#.
#.......#..55.5.#...##.....#∩
##......#.#...#.#..##......#.
#......#..#.#.$#..##......#.
##.....#.#...#.#..........#>
##......#...?$..#..##....#.#.
#.......#.......#.......##.#.
#.......#########...###....#+


You could see an ice beast (summoned), Ignak's ghost and 3 cerulean imps.

Vanquished Creatures
  A black bear (D:4)
  A centaur (D:4)
  A bullfrog (D:4)
  2 scorpions (D:4)
  A bombardier beetle (D:4)
  An orc priest (D:3)
  An orc wizard (D:3)
  5 adders
  7 dart slugs
  10 orcs
  6 ball pythons
  5 endoplasms
  4 giant cockroaches
  5 goblins
  10 hobgoblins
  5 quokkas
  5 bats (D:1)
  A frilled lizard (D:2)
  9 kobolds
  5 rats
85 creatures vanquished.

Notes
Turn   | Place    | Note
-------+----------+-------------------------------------------
     0 | D:1      | Malachi the Oni Berserker began the quest for the Orb.
     0 | D:1      | Reached XP level 1. HP: 24/24 MP: 1/1
   129 | D:1      | Reached XP level 2. HP: 32/32 MP: 2/2
   286 | D:1      | Reached XP level 3. HP: 40/40 MP: 3/3
   475 | D:1      | Reached ** piety under Trog
  1276 | D:2      | Reached skill level 5 in Fighting
  1276 | D:2      | Reached XP level 4. HP: 25/50 MP: 4/4
  2187 | D:3      | Reached XP level 5. HP: 57/57 MP: 5/5
  2537 | D:3      | Found a faded altar of an unknown god.
  2685 | D:4      | Found a runed translucent gate.
  2685 | D:4      | Found a runed translucent gate.
  2709 | D:4      | Reached *** piety under Trog
  2760 | D:4      | Reached skill level 6 in Fighting
  2760 | D:4      | Reached XP level 6. HP: 46/67 MP: 6/6
  2784 | D:4      | Found a runed translucent gate.
  2890 | D:4      | Noticed a black bear
  2895 | D:4      | Killed a black bear
  2951 | D:4      | Noticed Ignak's ghost (amateur GnHW)
  3206 | D:4      | Found Exte's Distillery.
  3211 | D:4      | Bought a potion of curing for 33 gold pieces
  3211 | D:4      | Bought a potion of curing for 33 gold pieces
  3211 | D:4      | Bought a potion of heal wounds for 55 gold pieces
  3463 | D:4      | Reached skill level 5 in Maces & Flails
  3463 | D:4      | Reached XP level 7. HP: 14/76 MP: 7/7
  3466 | D:4      | Reached skill level 7 in Fighting
  3469 | D:4      | HP: 3/78 [poisoned by a scorpion]
  4074 | D:4      | HP: 8/175 [poisoned by Ignak's ghost]
  4074 | D:4      | HP: 3/175 [Ignak's ghost/magic dart (5)]
  4074 | D:4      | Slain by a cerulean imp

Illustrated notes

Levels and vault maps discovered:
D:1:      ncdulo_watergridlock, layout_basic, minmay_pentomino_x4
D:2:      layout_basic, hangedman_decor_lopped
D:3:      layout_loops_ring, shapermc_ecumenical_altar_hornbeckon,
          nicolae_houndstooth_variations
D:4:      layout_cave_pools, gammafunk_ghost_split, serial_shops,
          nicolae_shop_hallway_stairs

Skill      XL: |  1  2  3  4  5  6  7 |
---------------+----------------------+-----
Dodging        | 3 4 |  4.8
Fighting       | 5 6 7 |  7.1
Maces & Flails | 4 5 |  5.3

Action                     |  1- 3 |  4- 6 |  7- 9 || total
---------------------------+-------+-------+-------++-------
  Melee: Mace              |   112 |   117 |       ||   229
         Headbutt          |     9 |    19 |     6 ||    34
         Punch             |       |     1 |     2 ||     3
         Morningstar       |       |    12 |    30 ||    42
 Invoke: Berserk           |       |     5 |     2 ||     7
         Trog's Hand       |       |       |     1 ||     1
    Use: Scroll            |       |     9 |       ||     9
         Potion            |       |       |     7 ||     7
 Armour: Animal skin       |    80 |   124 |    53 ||   257
         Skin              |       |       |    33 ||    33
  Dodge: Dodged            |    88 |    85 |    29 ||   202

Table legend: (Time is in decaauts)
 A = Elapsed time spent in this place.
 B = Non-inter-level travel time spent in this place.
 C = Inter-level travel time spent in this place.
 D = Time resting spent in this place.
 E = Time spent auto-exploring this place.
 F = Levels seen in this place.
 G = Mean time per level.
                   A        B        C        D        E       F      G
               +--------+--------+--------+--------+--------+-----+--------+
         Total |   4181 |   4120 |     61 |    494 |   2967 |   4 | 1045.2 |
       Dungeon |   4181 |   4120 |     61 |    494 |   2967 |   4 | 1045.2 |
               +--------+--------+--------+--------+--------+-----+--------+

Top non-repeatable levels by time:
     D:4: 1451 daAuts
     D:2: 1210 daAuts
     D:3: 911 daAuts
     D:1: 608 daAuts
